 Dungeon Crawl Stone Soup version 0.18-a0-1778-gadce9fa (webtiles) character file.

54 4thArraOfDagon the Skirmisher (level 3, -9/33 HPs)
             Began as a Minotaur Conjurer on Apr 16, 2016.
             Was an Initiate of Vehumet.
             Engulfed by a cloud of flame (24 damage)
             ... on level 3 of the Dungeon.
             The game lasted 00:02:09 (541 turns).

4thArraOfDagon the Skirmisher (Minotaur Conjurer)    Turns: 541, Time: 00:02:09

Health: -9/33      AC:  2    Str: 13    XL:     3   Next: 66%
Magic:  4/4        EV: 12    Int: 12    God:    Vehumet [......]
Gold:   67         SH:  0    Dex: 10    Spells: 1 memorised, 3 levels left

rFire  . . .     SeeInvis .     (no weapon)
rCold  . . .     Gourm    .     a - +0 robe
rNeg   . . .     Faith    .     (no shield)
rPois  .         Spirit   .     (helmet restricted)
rElec  .         Dismiss  .     (no cloak)
rCorr  .         Reflect  .     (no gloves)
SustAt .         Harm     .     (no boots)
MR     .....                    f - amulet of magic regeneration
Stlth  ++........               (no ring)
                                h - ring of stealth

@: not resistant to hostile enchantments, unstealthy
A: retaliatory headbutt, horns 2
a: Renounce Religion


You were on level 3 of the Dungeon.
You worshipped Vehumet.
Vehumet was noncommittal.
You were not hungry.

You visited 1 branch of the dungeon, and saw 3 of its levels.

You collected 67 gold pieces.

Inventory:

Missiles
 d - 5 poisoned tomahawks (quivered)
 e - a throwing net
Armour
 a - a +0 robe (worn)
Jewellery
 f - an amulet of magic regeneration (around neck)
 h - a ring of stealth (left hand)
Scrolls
 i - a scroll of magic mapping {unknown}
Potions
 g - a potion of might {unknown}
Books
 b - a book of Conjurations

   Spells                             Type                      Level
   a - Magic Dart                     Conjuration                  1
   b - Searing Ray                    Conjuration                  2
   c - Dazzling Spray                 Conjuration/Hexes            3
   d - Fulminant Prism                Conjuration/Hexes            4
   e - Iskenderun's Mystic Blast      Conjuration                  4
   f - Iskenderun's Battlesphere      Conjuration/Charms           5
Comestibles
 c - a bread ration


   Skills:
 + Level 4.0 Fighting
 - Level 2.1 Dodging
 - Level 1.5 Stealth
 - Level 1.3 Spellcasting
 - Level 2.9 Conjurations


You had 3 spell levels left.
You knew the following spells:

 Your Spells              Type           Power        Failure   Level  Hunger
a - Magic Dart            Conj           #...         12%         1    ##.....


Dungeon Overview and Level Annotations

Branches:
Dungeon (3/15)

Altars:
Vehumet

Annotations:
D:2 Sigmund


Innate Abilities, Weirdness & Mutations

You reflexively headbutt those who attack you in melee.
You have a pair of horns on your head.


Message History

Unknown command.
Found a radiant altar of Vehumet.
Unknown command.
Found 5 stones and a fizzy yellow potion.
Unknown command.
Really walk into a travel-excluded area?
You see here 5 stones.
Unknown command.
There is a radiant altar of Vehumet here.
Unknown command.
You kneel at the altar of Vehumet.
Vehumet welcomes you!
Unknown command.
Unknown command.
Really walk into that cloud of flame?
Okay, then.
Unknown command.
You are engulfed in roaring flames.
Ouch! That really hurt!
You die...

. .. #######..#
##......# #.....#
######.@§§.##
...##§._.§.#.# #
#.##.§.§.....# #.
#....§........
#.###.##..#.......
#.....##..##......
###.####..........
#.# #.###......
#.# #.# ......


There were no monsters in sight!

Vanquished Creatures
  2 adders (D:2)
  An ooze (D:2)
  2 worms (D:2)
  2 dart slugs
  A giant cockroach (D:2)
  2 goblins (D:1)
  3 hobgoblins (D:2)
  6 bats
  3 kobolds
  2 rats (D:2)
24 creatures vanquished.

Notes
Turn   | Place    | Note
--------------------------------------------------------------
     0 | D:1      | 4thArraOfDagon the Minotaur Conjurer began the quest for the Orb.
     0 | D:1      | Reached XP level 1. HP: 14/14 MP: 1/1
    29 | D:1      | Reached skill level 1 in Fighting
   125 | D:2      | Reached skill level 2 in Fighting
   125 | D:2      | Reached XP level 2. HP: 17/25 MP: 0/3
   264 | D:2      | Reached skill level 3 in Fighting
   264 | D:2      | Reached XP level 3. HP: 16/31 MP: 4/4
   469 | D:2      | Reached skill level 4 in Fighting
   507 | D:2      | Noticed Sigmund
   524 | D:3      | Found a radiant altar of Vehumet.
   538 | D:3      | Became a worshipper of Vehumet
   541 | D:3      | Engulfed by a cloud of flame

Vault maps used:
D:1:      co_arrival_random_square_maze
D:2:      kennysheep_generic_room_6, uniq_terence, uniq_iyjb, uniq_sigmund
D:3:      fiery_altar_vehumet, nicolae_ru_the_path_less_chosen, first_bread,
          uniq_grinder

Skill      XL: |  1  2  3 |
---------------+----------+-----
Fighting       | 2 3 4 |  4.0
Dodging        | |  2.1
Stealth        | |  1.5
Spellcasting   | |  1.3
Conjurations   | |  2.9

Action                   || total
-------------------------++-------
Melee: Unarmed           ||    60
       Headbutt          ||    19
Throw: Tomahawk          ||     9
 Cast: Magic Dart        ||     2
 Stab: Sleeping          ||     1
Armor: Robe              ||    17
Dodge: Dodged            ||    42
